 Dungeon Crawl Stone Soup version 0.18.1-50-g88ac8fd (webtiles) character file.

253 Naarciss the Conjurer (level 5, -3/28 HPs)
             Began as a Deep Elf Conjurer on Sept 25, 2016.
             Slain by coldbreeze's ghost (11 damage)
             ... on level 3 of the Dungeon.
             The game lasted 00:41:59 (5208 turns).

Naarciss the Conjurer (Deep Elf Conjurer)           Turns: 5208, Time: 00:42:00

Health: -3/28      AC:  4    Str:  5    XL:     5   Next: 90%
Magic:  7/15       EV: 13    Int: 21    God:
Gold:   83         SH:  2    Dex: 15    Spells: 4 memorised, 2 levels left

rFire  . . .     SeeInvis .     q - +2 dagger (speed)
rCold  . . .     Gourm    .     a - +0 robe
rNeg   . . .     Faith    .     (no shield)
rPois  .         Spirit   .     (no helmet)
rElec  .         Dismiss  .     j - +0 cloak
rCorr  .         Reflect  +     (no gloves)
SustAt .         Harm     .     k - +0 pair of boots {Fly}
MR     .....                    g - +2 amulet of reflection
Stlth  ++........               (no ring)
                                (no ring)

@: flying, not resistant to hostile enchantments, unstealthy
A: no striking features
a: Stop Flying


You were on level 3 of the Dungeon.
You were not hungry.

You visited 1 branch of the dungeon, and saw 3 of its levels.

You collected 83 gold pieces.

Inventory:

Hand Weapons
 q - a +2 dagger of speed (weapon)
Armour
 a - a +0 robe (worn)
 j - a +0 cloak (worn)
 k - a +0 pair of boots of flying (worn)
Jewellery
 d - an uncursed amulet of dismissal
 g - a +2 amulet of reflection (around neck)
Scrolls
 e - 2 scrolls of enchant weapon
 f - 2 scrolls of identify
Potions
 h - a potion of flight
 i - 2 potions of curing
 l - 2 potions of haste {unknown}
 m - a potion of heal wounds {unknown}
 n - a potion of agility {unknown}
 o - a potion of cure mutation {unknown}
 p - a potion of degeneration {unknown}
Books
 b - a book of Conjurations

   Spells                             Type                      Level
   a - Magic Dart                     Conjuration                  1
   b - Searing Ray                    Conjuration                  2
   c - Dazzling Spray                 Conjuration/Hexes            3
   d - Fulminant Prism                Conjuration/Hexes            4
   e - Iskenderun's Mystic Blast      Conjuration                  4
   f - Iskenderun's Battlesphere      Conjuration/Charms           5
Comestibles
 c - 2 bread rations


   Skills:
 + Level 0.4 Fighting
 + Level 2.9 Dodging
 + Level 2.9 Stealth
 + Level 5.6 Spellcasting
 + Level 6.0 Conjurations
 + Level 1.6 Hexes


You had 2 spell levels left.
You knew the following spells:

 Your Spells              Type           Power        Failure   Level  Hunger
a - Magic Dart            Conj           ####         1%          1    None
b - Dazzling Spray        Conj/Hex       ###...       10%         3    ##.....
c - Fulminant Prism       Conj/Hex       ###.......   24%         4    ####...
d - Iskenderun's Battles  Conj/Chrm      ###.....     87%         5    #####..


Dungeon Overview and Level Annotations

Branches:
Dungeon (3/15)

Altars:

Annotations:
D:3 coldbreeze's ghost, amateur HOGl


Message History

Casting: Dazzling Spray
Confirm with . or Enter, or press ? or * to list all spells.
Aiming: Magic Dart
Press: ? - help, Shift-Dir - straight line, f/p - coldbreeze's ghost
Aim: coldbreeze's ghost (moderately damaged)
The magic dart hits coldbreeze's ghost.
Coldbreeze's ghost is moderately damaged.
Coldbreeze's ghost says very slowly, "There's no hope."
Coldbreeze's ghost hits you!
Casting: Magic Dart
Confirm with . or Enter, or press ? or * to list all spells.
Aiming: Magic Dart
Press: ? - help, Shift-Dir - straight line, f/p - coldbreeze's ghost
Aim: coldbreeze's ghost (moderately damaged)
The magic dart hits coldbreeze's ghost.
Coldbreeze's ghost is moderately damaged.
Coldbreeze's ghost hits you!
* * * LOW HITPOINT WARNING * * *
Coldbreeze's ghost hits you!
You die...

#...........[###..# .
#####.................#.#
......................#.# .
#####...................#..
# #†######..........#...
#... ....##.........# #...#
#...#........## .....
..##..W......##
....$(W.....#.@...$..#
.........######...).#.#
......... ##>##.##.###
#......<)..# #...##.......#
#.####.......# ##.
#........# ....##..#######
##......#


You could see coldbreeze's ghost.

Vanquished Creatures
  2 orc priests (D:3)
  An orc wizard (D:3)
  3 adders (D:3)
  A gnoll (D:1)
  4 worms
  4 dart slugs
  3 giant geckos
  6 orcs (D:3)
  8 bats
  7 giant cockroaches
  4 goblins
  17 hobgoblins
  6 jackals
  10 kobolds
  2 quokkas
  A ball python (D:2)
  7 giant newts
  19 rats
  2 fulminant prisms (D:3)
107 creatures vanquished.

Vanquished Creatures (others)
  18 fulminant prisms
18 creatures vanquished.

Grand Total: 125 creatures vanquished

Notes
Turn   | Place    | Note
--------------------------------------------------------------
     0 | D:1      | Naarciss the Deep Elf Conjurer began the quest for the Orb.
     0 | D:1      | Reached XP level 1. HP: 10/10 MP: 6/6
   401 | D:1      | Reached XP level 2. HP: 15/15 MP: 2/8
   887 | D:1      | Reached skill level 5 in Conjurations
   887 | D:1      | Reached XP level 3. HP: 10/19 MP: 4/9
  1045 | D:1      | Learned a level 3 spell: Dazzling Spray
  2168 | D:2      | Reached XP level 4. HP: 24/24 MP: 8/11
  2174 | D:2      | Learned a level 4 spell: Fulminant Prism
  2961 | D:3      | Reached XP level 5. HP: 28/28 MP: 5/14
  3005 | D:3      | Noticed coldbreeze's ghost (amateur HOGl)
  3349 | D:3      | Reached skill level 5 in Spellcasting
  3349 | D:3      | Reached skill level 1 in Hexes
  3754 | D:3      | Reached skill level 6 in Conjurations
  4389 | D:2      | Learned a level 5 spell: Iskenderun's Battlesphere
  5208 | D:3      | Slain by coldbreeze's ghost

Skill      XL: |  1  2  3  4  5 |
---------------+----------------+-----
Conjurations   | 5 6 |  6.0
Spellcasting   | 4 5 |  5.6
Hexes          | 1 |  1.6
Fighting       | |  0.4
Dodging        | |  2.9
Stealth        | |  2.9

Action                   |  1- 3 |  4- 6 || total
-------------------------+-------+-------++-------
Melee: Unarmed           |    25 |    13 ||    38
       Dagger            |       |     4 ||     4
 Cast: Magic Dart        |    90 |    84 ||   174
       Dazzling Spray    |     6 |    13 ||    19
       Fulminant Prism   |       |    20 ||    20
 Abil: Stop Flying       |     1 |       ||     1
       Evoke Flight      |     1 |       ||     1
  Use: Scroll            |     3 |     3 ||     6
       Potion            |       |     2 ||     2
  Eat: Fruit             |     3 |       ||     3
       Meat ration       |     1 |       ||     1
       Bread ration      |       |     2 ||     2
       Royal jelly       |       |     1 ||     1
       Beef jerky        |       |     1 ||     1
Armor: Robe              |     7 |     9 ||    16
Dodge: Dodged            |    23 |    27 ||    50
Block: Other             |       |     1 ||     1
